AoeStats
← Darwinou777

Arabia

505311066Analyzed
1v1 RM · 24d ago on Sep 8, 2026· 35m 3s· 2 players
Game mode
Random Map
Map size
Tiny (2 player)
Population
200
Speed
Normal
Resources
Standard
Victory
Conquest
Starting age
Dark Age
Ending age
Imperial Age
RankedLock teamsTeams togetherTeam positionsShared explorationLock speedFull tech treeHidden civsTurbo modeCheats
Victory
Defeat
🇨🇱 Britons · Chile
596
+13
🇺🇸 Magyars · United States
539
-13
branko1966
12:04 Feudal Age
10:20 Loom
12:11 Feudal Age
10:30 Loom
Darwinou777
12:02 Feudal Age
13:07 Double-Bit Axe
14:46 Man-at-Arms
18:34 Loom
19:59 Wheelbarrow
22:18 Gold Mining
23:03 Horse Collar
24:31 Forging
24:21 Scale Mail Armor
25:46 Stone Mining
26:56 Town Watch
27:56 Scale Barding Armor
33:16 Castle Age
31:23 Fletching
32:07 Padded Archer Armor
34:39 Bodkin Arrow
35:21 Iron Casting
34:13 Crossbowman
Connection lost

Rejoining the realm…

Still unreachable

The connection could not be restored.

Session expired

The server has moved on; the page needs a fresh start.